 Dungeon Sprint DCSS version 0.30-a0-451-ge042605de7 (webtiles) character file.

Game seed: 5820584237666034928

23 rocky1 the Ogre Mage (level 2, -1/29 HPs)
             Began as an Ogre Warper on Dec 12, 2022.
             Was a Believer of Cheibriados.
             Slain by Pargi (4 damage)
             ... in the Dungeon (Sprint VII: "The Pits").
             The game lasted 00:01:20 (180 turns).

rocky1 the Ogre Mage (Ogre Warper)                   Turns: 180, Time: 00:01:21

Health: -1/29      AC:  3    Str: 19    XL:     2   Next: 95%
Magic:  6/6        EV: 10    Int: 19    God:    Cheibriados [**....]
Gold:   0          SH:  0    Dex: 13    Spells: 8/8 levels left

rFire   . . .      SeeInvis .    a - +0 mace
rCold   . . .      Faith    .    (no shield)
rNeg    . . .      Spirit   .    b - +0 robe
rPois   .          Reflect  .    (helmet restricted)
rElec   .          Harm     .    (no cloak)
rCorr   .          Rampage  .    (gloves unavailable)
Will    .....      NoTele   +    (boots unavailable)
Stlth   +.........               (no amulet)
HPRegen 0.24/turn                (no ring)
MPRegen 0.10/turn                (no ring)

@: on berserk cooldown, slowed, invisible, very slow
A: large, unfitting armour, tough skin 1
a: Renounce Religion, Bend Time


You were in the Dungeon.
You worshipped Cheibriados.
Cheibriados was pleased with you.
You visited 1 branch

Inventory:

Hand Weapons
 a - a +0 mace (weapon)
 m - a +2 hand axe
 n - a +2 mace
Missiles
 d - 7 boomerangs of dispersal (quivered)
Armour
 b - a +0 robe (worn)
Scrolls
 c - 2 scrolls of blinking
 k - 5 scrolls of amnesia
 l - a scroll of summoning
Potions
 f - a potion of heal wounds
 g - a potion of haste
 h - 4 potions of magic
 i - a potion of berserk rage
 j - a potion of invisibility


   Skills:
 - Level 2.6 Fighting
 + Level 2.3(3.3) Axes
 + Level 3.3(3.6) Maces & Flails
 - Level 1.0 Throwing
 - Level 2.1 Dodging
 + Level 3.7 Spellcasting
 + Level 3.5 Translocations


You had 8 spell levels left.
You didn't know any spells.
Your spell library contained the following spells:

 Spells                   Type           Power      Damage    Failure   Level
 Blink                    Tloc           34%        N/A       4%          2
 Lesser Beckoning         Tloc           34%        N/A       10%         3
 Teleport Other           Tloc           17%        N/A       10%         3
 Vhi's Electric Charge    Tloc/Air       20%        N/A       21%         3
 Manifold Assault         Tloc           17%        N/A       32%         4


Dungeon Overview and Level Annotations

Branches:
Dungeon (1/1)

Altars:
Ashenzari
Cheibriados
Dithmenos
Elyvilon
Fedhas
Gozag
Hepliaklqana
Kikubaaqudgha
Makhleb
Nemelex Xobeh
Okawaru
Qazlal
Ru
Sif Muna
Trog
Uskayaw
Vehumet
Wu Jian
Xom
Yredelemnul
Zin
The Shining One
Jiyva
Lugonu

Annotations:
D Pargi


Innate Abilities, Weirdness & Mutations

You are too large for most types of armour.
You have tough skin. (AC +1)


Message History

The bat hits you but does no damage. Pargi barely misses you. x2
Pargi closely misses you.
You barely miss Pargi.
Pargi is lightly wounded.
The bat closely misses you. Pargi barely misses you. Pargi claws you.
Pargi closely misses you.
You closely miss Pargi.
Pargi is lightly wounded.
The bat hits you. The bat barely misses you.
Pargi bites you but does no damage. Pargi claws you. Pargi barely misses you.
The bat hits you but does no damage. Pargi barely misses you. x2
Pargi claws you.
You sock Pargi!
Pargi is heavily wounded.
The bat barely misses you. The bat hits you but does no damage.
Pargi misses you. Pargi claws you. Pargi closely misses you.
You catch the helpless Pargi completely off-guard!
You thump Pargi!
Pargi is severely wounded.
The bat barely misses you. The bat hits you. The bat barely misses you.
You are no longer berserk.
You are exhausted.
You feel yourself slow down. The bat closely misses you. Pargi bites you.
Pargi claws you. x2; Pargi closely misses you.
Pargi completely misses you. Pargi claws you.
* * * LOW HITPOINT WARNING * * *
There is an open door, spattered with blood here.
You hit Pargi.
Pargi is severely wounded.
The bat barely misses you. Pargi barely misses you. Pargi claws you.
* * * LOW HITPOINT WARNING * * *
Pargi closely misses you.
Unknown command.
You miss Pargi.
Pargi is severely wounded.
The bat hits you but does no damage. The bat barely misses you.
The bat hits you but does no damage. Pargi bites you.
* * * LOW HITPOINT WARNING * * *
Pargi misses you. Pargi claws you but does no damage. Pargi bites you.
You die...

############
#_________.#
#_________.#
#_______...###########++
##########'##...........
#.?(.'.))'.##......#..#
##########.##..........
#.....b.T...'...........
#+#####@#####......#..#.
#...†.# #...........
#...).# ####'#####+
###'### #.......#
#.....# #.......#
#.....# #.......#
####'## #...<...#
#........##.......#
#........##.......#


You could see Pargi (unable to see you) and a bat.

Vanquished Creatures
  A gnoll (D)
  An adder (D)
  A goblin (D)
  A ball python skeleton (D)
  A bat (D)
  2 jackal zombies (D)
7 creatures vanquished.

Notes
Turn   | Place    | Note
-------+----------+-------------------------------------------
     0 | D        | rocky1 the Ogre Warper began the quest for the Orb.
     0 | D        | Reached XP level 1. HP: 22/22 MP: 3/3
    38 | D        | Found a bloodstained altar of Trog.
    38 | D        | Found a shimmering blue altar of Sif Muna.
    38 | D        | Found a viscous altar of Jiyva.
    38 | D        | Found a hazy altar of Hepliaklqana.
    38 | D        | Found an opulent altar of Gozag.
    39 | D        | Found a glowing golden altar of the Shining One.
    39 | D        | Found a glowing silver altar of Zin.
    39 | D        | Found a basalt altar of Yredelemnul.
    39 | D        | Found a shimmering altar of Xom.
    39 | D        | Found an ornate altar of the Wu Jian Council.
    39 | D        | Found a sacrificial altar of Ru.
    39 | D        | Found a stormy altar of Qazlal.
    39 | D        | Found an iron altar of Okawaru.
    39 | D        | Found a sparkling altar of Nemelex Xobeh.
    39 | D        | Found a burning altar of Makhleb.
    39 | D        | Found a blossoming altar of Fedhas.
    39 | D        | Found a white marble altar of Elyvilon.
    39 | D        | Found a shadowy altar of Dithmenos.
    39 | D        | Found a snail-covered altar of Cheibriados.
    42 | D        | Found a corrupted altar of Lugonu.
    42 | D        | Found a radiant altar of Vehumet.
    43 | D        | Found an ancient bone altar of Kikubaaqudgha.
    43 | D        | Found a hide-covered altar of Uskayaw.
    43 | D        | Found a broken altar of Ashenzari.
    50 | D        | Became a worshipper of Cheibriados the Contemplative
    73 | D        | Reached skill level 1 in Axes
    73 | D        | Reached XP level 2. HP: 28/29 MP: 4/6
    88 | D        | Reached * piety under Cheibriados
   155 | D        | Noticed Pargi
   166 | D        | Reached ** piety under Cheibriados
   180 | D        | Slain by Pargi

Illustrated notes

Levels and vault maps discovered:
D:        pitsprint [storerooms_1, entrance_room_1, metal_vault_3, armoury_2,
          mini_pit_1, grid_room_1, main_hall_1, silver_pit, the_coven_3,
          the_vestibule_1, steel_vault_3, golden_pit, hallway_of_sentries,
          crystal_vault_6, iron_vault_2, final_vault]

Skill      XL: |  1  2 |
---------------+-------+-----
Maces & Flails | 2 3 |  3.3
Axes           | 1 2 |  2.3
Spellcasting   | 3 |  3.7
Translocations | 3 |  3.5
Fighting       | |  2.6
Throwing       | |  1.0
Dodging        | |  2.1

Action                   || total
-------------------------++-------
Melee: Mace              ||    37
  Use: Potion            ||     4
 Stab: Invisible         ||     1
Armor: Robe              ||    42
Dodge: Dodged            ||    72

Table legend: (Time is in decaauts)
 A = Elapsed time spent in this place.
 B = Non-inter-level travel time spent in this place.
 C = Inter-level travel time spent in this place.
 D = Time resting spent in this place.
 E = Time spent auto-exploring this place.
 F = Levels seen in this place.
 G = Mean time per level.
                   A        B        C        D        E       F      G
               +--------+--------+--------+--------+--------+-----+--------+
         Total |    217 |    217 |      0 |     51 |      0 |   1 |  217.0 |
       Dungeon |    217 |    217 |      0 |     51 |      0 |   1 |  217.0 |
               +--------+--------+--------+--------+--------+-----+--------+

Top non-repeatable levels by time:
       D: 217 daAuts
